AoeStats
← RoR | Vodka_L_2

Arabia

510554260Analyzed
1v1 RM · 11h ago on Oct 1, 2026· 53m 41s· 2 players
Game mode
Random Map
Map size
Tiny (2 player)
Population
200
Speed
Normal
Resources
Standard
Victory
Conquest
Starting age
Dark Age
Ending age
Imperial Age
RankedLock teamsTeams togetherTeam positionsShared explorationLock speedFull tech treeHidden civsTurbo modeCheats
Victory
Defeat
🇮🇹 Tupi · Italy
2536
+13
🇻🇳 Saracens · Vietnam
2472
-13
Mr.Bean
5:42 Loom
9:03 Feudal Age
9:05 Man-at-Arms
11:46 Double-Bit Axe
15:42 Fletching
20:15 Castle Age
19:09 Horse Collar
19:58 Padded Archer Armor
20:55 Bodkin Arrow
20:30 Crossbowman
22:12 Town Watch
26:00 Wheelbarrow
26:40 Bow Saw
31:49 Hand Cart
36:06 Imperial Age
34:48 Ballistics
37:07 Leather Archer Armor
36:55 Bracer
38:20 Chemistry
37:29 Arbalester
39:10 Leather Archer Armor
39:03 Thumb Ring
41:48 Leather Archer Armor
42:11 Heavy Plow
44:03 Elite Skirmisher
46:03 Siege Engineers
48:35 Ring Archer Armor
RoR | Vodka_L_2
6:30 Loom
8:50 Feudal Age
9:55 Double-Bit Axe
19:23 Castle Age
18:08 Fletching
18:23 Horse Collar
19:11 Gold Mining
20:02 Bodkin Arrow
19:51 Crossbowman
21:50 Ballistics
22:13 Town Watch
22:46 Elite Skirmisher
24:12 Padded Archer Armor
25:44 Bow Saw
36:32 Wheelbarrow
40:33 Imperial Age
38:32 Guard Tower
39:25 Leather Archer Armor
41:18 Bracer
42:38 Chemistry
43:15 Ring Archer Armor
43:31 Conscription
44:39 Elite Ibirapema Warrior
44:42 Champi Runner
45:22 Squires
45:23 Scale Mail Armor
45:14 Champi Warrior
46:04 Caciques
46:06 Heavy Plow
47:32 Hand Cart
46:52 Elite Champi Warrior
47:54 Chain Mail Armor
47:49 Forging
49:07 Plate Mail Armor
50:18 Forging
52:33 Iron Casting
52:00 Arson
52:28 Capped Ram
55:14 Two-Man Saw
Connection lost

Rejoining the realm…

Still unreachable

The connection could not be restored.

Session expired

The server has moved on; the page needs a fresh start.